 Dungeon Crawl Stone Soup version 0.30-a0-1116-gebefce21f7 (webtiles) character file.

Game seed: 894900150617694304

101074 alfthe the Severer (level 16, -11/146 HPs)
             Began as a Hill Orc Fighter on Apr 21, 2023.
             Was a Follower of Yredelemnul.
             Shot with an arrow by a naga sharpshooter (20 damage)
             ... on level 3 of the Snake Pit.
             The game lasted 01:00:55 (17700 turns).

alfthe the Severer (Hill Orc Fighter)              Turns: 17700, Time: 01:00:55

Health: -11/146    AC: 30    Str: 36    XL:     16   Next: 29%
Magic:  19/19      EV: 12    Int:  8    God:    Yredelemnul [*.....]
Gold:   1752       SH: 13    Dex: 14    Spells: 18/19 levels left

rFire   x . .      SeeInvis +    Y - +3 war axe (heavy)
rCold   x . .      Faith    .    M - +0 kite shield
rNeg    + + +      Spirit   .    x - +12 chain mail of the Chewing Gods {Rampage rF- rN+++}
rPois   +          Reflect  .    j - +1 hat
rElec   .          Rampage  +    f - +0 cloak
rCorr   .                        (no gloves)
Will    ++...                    D - +1 pair of boots of Joeraicw {*Slow rPois Slay+5 Stlth+}
Stlth   +                        J - amulet of Paur {RegenMP Dex+4}
HPRegen 0.44/turn                p - +6 ring of strength
MPRegen 0.56/turn                S - ring "Oxzenian" {rC- Will+ Str+3 SInv}

@: hasted, very quick
A: no striking features
a: Renounce Religion, Recall Undead Harvest


You were on level 3 of the Snake Pit.
You worshipped Yredelemnul.
Yredelemnul was noncommittal.
You visited 4 branches of the dungeon, and saw 18 of its levels.
You also visited: Bailey.

You collected 1752 gold pieces.

Inventory:

Hand Weapons
 h - a -2 demon whip of venom
 Y - a +3 heavy war axe (weapon)
Missiles
 e - 4 throwing nets
 g - 144 stones
 k - 29 poisoned darts
 Q - 19 curare-tipped darts (quivered)
 U - 4 datura-tipped darts
Armour
 f - a +0 cloak (worn)
 j - a +1 hat (worn)
 x - the +12 chain mail of the Chewing Gods (worn) {Rampage rF- rN+++}
   (You found it on level 5 of the Dungeon)

   rF:        It makes you vulnerable to fire.
   rN:        It renders you almost immune to negative energy.
   Rampage:   It bestows one free step when moving towards enemies.
 D - the +1 pair of boots of Joeraicw (worn) {*Slow rPois Slay+5 Stlth+}
   (You found it on level 7 of the Dungeon)

   Slay:      It affects your accuracy & damage with ranged weapons and melee
   (+5).
   rPois:     It protects you from poison.
   *Slow:     It may slow you when you take damage.
   Stlth:     It makes you more stealthy.
 K - a +2 pair of boots
 L - the +0 hat of the Blind Marksman {Will+ Regen+ Int+4}
   (You found it on level 2 of the Snake Pit)

   Int:       It affects your intelligence (+4).
   Regen:     It increases your rate of health regeneration.
   Will:      It increases your willpower.
 M - a +0 kite shield (worn)
Magical Staves
 a - a staff of air
 c - a staff of conjuration
 y - a staff of poison
 N - a staff of earth
 Z - the staff of death "Giz Qeob" {rPois rF- rN+ rCorr}
   (You found it on level 11 of the Dungeon)

   [staff of death]

   Base accuracy: +5 Base damage: 5 Base attack delay: 1.2 This weapon's minimum
   attack delay (0.6) is reached at skill level 12.
   rF:        It makes you vulnerable to fire.
   rPois:     It protects you from poison.
   rN:        It protects you from negative energy.
   rCorr:     It protects you from acid and corrosion.
   It falls into the 'Staves' category.
   It is a one-handed weapon.
Jewellery
 b - the ring "Qeuluek" {Fire rPois Stlth+}
   (You took it off a deep elf pyromancer on level 11 of the Dungeon)

   [ring of fire]

   It enhances your fire magic.
   rF:        It protects you from fire.
   rC:        It makes you vulnerable to cold.
   rPois:     It protects you from poison.
   Stlth:     It makes you more stealthy.
 p - a +6 ring of strength (left hand)
 B - an amulet of the acrobat
 E - a ring of protection from fire
 H - a +6 ring of strength
 I - an amulet of magic regeneration
 J - the amulet of Paur (around neck) {RegenMP Dex+4}
   (You found it on level 8 of the Dungeon)

   [amulet of magic regeneration]

   It increases your rate of magic regeneration.
   Dex:       It affects your dexterity (+4).
 S - the ring "Oxzenian" (right hand) {rC- Will+ Str+3 SInv}
   (You found it in a bailey)

   [ring of willpower]

   Str:       It affects your strength (+3).
   rC:        It makes you vulnerable to cold.
   SInv:      It lets you see invisible.
   Will:      It increases your willpower.
 V - a ring of poison resistance
 X - an amulet of guardian spirit
Wands
 q - a wand of roots (2)
 s - a wand of paralysis (24)
 R - a wand of polymorph (2)
Scrolls
 d - a scroll of magic mapping
 i - 14 scrolls of identify
 m - 2 scrolls of immolation
 t - 2 scrolls of teleportation
 v - a scroll of fear
 w - a scroll of poison
 C - 2 scrolls of amnesia
 P - 6 scrolls of fog
Potions
 l - 3 potions of degeneration
 n - 3 potions of flight
 o - a potion of brilliance
 r - 3 potions of lignification
 u - 2 potions of attraction
 z - a potion of might
 F - a potion of haste
 O - 2 potions of cancellation
Miscellaneous
 G - a lightning rod (2/4)


   Skills:
 + Level 14.2 Fighting
 + Level 18.6 Axes
 + Level 0.1 Throwing
 + Level 13.8 Armour
 + Level 6.2 Dodging
 + Level 4.4 Stealth
 + Level 15.5 Shields
 + Level 2.4 Spellcasting
 + Level 3.3 Invocations
 + Level 2.3 Evocations


You had 18 spell levels left.
You knew the following spells:

 Your Spells              Type           Power      Damage    Failure   Level
a - Sandblast             Erth           0%         2d4       82%         1

Your spell library contained the following spells:

 Spells                   Type           Power      Damage    Failure   Level
 Apportation              Tloc           0%         N/A       82%         1
 Summon Small Mammal      Summ           0%         N/A       82%         1
 Ensorcelled Hibernation  Hex/Ice        0%         N/A       91%         2
 Passwall                 Tmut/Erth      0%         N/A       91%         2
 Static Discharge         Conj/Air       0%         2-2/arc   91%         2
 Call Canine Familiar     Summ           0%         N/A       99%         3
 Frozen Ramparts          Ice            0%         1d1       99%         3
 Gell's Gravitas          Tloc           0%         N/A       99%         3
 Spider Form              Tmut/Pois      0%         N/A       99%         3
 Stone Arrow              Conj/Erth      0%         3d7       99%         3
 Summon Guardian Golem    Hex/Summ       0%         N/A       99%         3
 Teleport Other           Tloc           0%         N/A       99%         3
 Airstrike                Air            0%         2d(0-16)  100%        4
 Anguish                  Hex/Necr       0%         N/A       100%        4
 Ice Form                 Ice/Tmut       0%         N/A       100%        4
 Passage of Golubria      Tloc           0%         N/A       100%        4
 Summon Ice Beast         Ice/Summ       0%         N/A       100%        4
 Summon Lightning Spire   Summ/Air       0%         N/A       100%        4
 Alistair's Intoxication  Tmut/Pois      0%         N/A       100%        5
 Silence                  Hex/Air        0%         N/A       100%        5
 Dispersal                Tloc           0%         N/A       100%        6
 Lehudib's Crystal Spear  Conj/Erth      0%         10d2      100%        8


Dungeon Overview and Level Annotations

Branches:
Dungeon (11/15)            Temple (1/1) D:4            Lair (3/5) D:11
 Shoals (0/4) Lair:3        Snake (3/4) Lair:3          Orc (0/2) D:11
 Bailey (visited)

Altars:
Ashenzari
Cheibriados
Dithmenos
Elyvilon
Fedhas
Gozag
Hepliaklqana
Kikubaaqudgha
Makhleb
Nemelex Xobeh
Okawaru
Qazlal
Ru
Sif Muna
Trog
Uskayaw
Vehumet
Wu Jian
Xom
Yredelemnul
Zin
The Shining One

Shops:
D:8 !

Annotations:
D:6 2 transporters, Rueben's ghost, novice MiGl
D:11 1 runed translucent door
Snake:3 Vashnia


Message History

A naga comes into view. It is wielding a +0 scimitar.
Aiming: Fastroot
Press: ? - help, Q - select action, (/) - cycle Shift-Dir - straight line, p - naga sharpshooter
Okay, then.
The naga sharpshooter mumbles some strange words.
The naga sharpshooter magically shoots an arrow.
The arrow hits you but does no damage.
Your black mamba zombie misses the naga sharpshooter.
Your black mamba zombie misses the naga sharpshooter.
The naga sharpshooter gestures wildly while chanting.
The naga sharpshooter magically shoots an arrow.
The arrow hits you.
* * * LOW HITPOINT WARNING * * *
Aiming: Fastroot
Press: ? - help, Q - select action, (/) - cycle Shift-Dir - straight line, f/p - naga sharpshooter
Aim: a naga sharpshooter, wielding a +0 shortbow (ally target)
The roots erupt in riotous growth!
Roots grab the naga sharpshooter.
Your black mamba zombie is unaffected.
Roots grab the naga.
The grasping roots constrict the naga.
The grasping roots constrict the naga sharpshooter.
You hear a shout!
Your black mamba zombie bites the naga sharpshooter.
The roots lose their grip on something.
The grasping roots constrict the naga sharpshooter.
The naga sharpshooter spits poison at you.
The splash of poison hits you but does no damage.
You resist.
Your black mamba zombie bites the naga sharpshooter!
You rampage towards the naga sharpshooter!
You slash the naga sharpshooter!
The naga sharpshooter is moderately wounded.
The grasping roots constrict the naga sharpshooter.
Your black mamba zombie bites the naga sharpshooter.
The naga sharpshooter casts a spell.
The naga sharpshooter magically shoots an arrow.
The arrow hits you!!
You die...
Your body rises from the dead as a mindless zombie.

#...................
#.................
#...............
#...............
#.....§.........
#.....§§........
.#...§§§........
#.....§NN.......
##....§Z@.......
#.....§........
###............
#............
#############


You could see a naga sharpshooter (catching breath, rooted, ally target), a naga
and a friendly black mamba zombie.

Vanquished Creatures
  Snorg (D:11)
  2 hydras
  A boulder beetle (D:11)
  5 anacondas
  A catoblepas (Lair:1)
  3 two-headed ogres
  A tengu warrior (D:11)
  5 naga warriors
  A shock serpent (Snake:1)
  Nergalle (Lair:2)
  5 naga sharpshooters
  2 salamander mystics (Snake:2)
  The ghost of Reshi88 the Nimble, a novice SpHu of the Shining One (D:8)
  A deep troll (Lair:3)
  5 naga ritualists
  Pikel (D:7)
  2 deep elf pyromancers (D:11)
  7 mana vipers
  An ugly thing (D:11)
  A cyclops (D:11)
  5 manticores
  2 salamanders
  A guardian serpent (Snake:2)
  31 black mambas
  5 elephants
  3 centaur zombies (D:11)
  7 naga magi
  4 cane toads
  Joseph (D:7)
  A gargoyle (D:11)
  A rime drake (Lair:1)
  2 unseen horrors (D:11)
  An orange demon (Lair:1)
  A komodo dragon (D:11)
  A tengu conjurer (D:11)
  4 trolls
  A polar bear (Lair:2)
  A blink frog (Lair:1)
  A meliai zombie (D:11)
  A black mamba zombie (Snake:2)
  A vampire (D:11)
  27 yaks
  A wyvern (D:11)
  2 wraiths (D:11)
  2 shadows (D:11)
  3 basilisks
  A steam dragon (Lair:2)
  2 vampire mosquitoes (D:11)
  2 acid dragons
  17 nagas
  8 water moccasins
  2 sky beasts (D:7)
  7 orc warriors
  An ice beast (D:8)
  3 ogres
  3 wolves
  5 centaurs
  A phantom (D:7)
  A lemure (D:7)
  8 kobold brigands
  5 bullfrogs
  3 gnoll sergeants
  3 scorpions
  2 jellies
  4 wights (D:7)
  10 killer bees
  3 howler monkeys
  2 gnoll boudas
  4 orc priests
  5 hounds
  An iguana (D:5)
  6 orc wizards
  A howler monkey zombie (D:11)
  19 gnolls
  6 adders
  5 white imps
  An ufetubus (D:4)
  A worm (D:3)
  5 dart slugs
  19 orcs
  7 bats
  2 endoplasms
  5 giant cockroaches
  14 goblins
  9 hobgoblins
  2 jackals (D:4)
  A quokka (D:1)
  4 ball pythons
  2 frilled lizards (D:3)
  16 kobolds
  8 rats
393 creatures vanquished.

Vanquished Creatures (collateral kills)
  2 anacondas (Snake:3)
  A hydra (Lair:2)
  A two-headed ogre (D:9)
  3 naga sharpshooters
  2 shock serpents
  Amaemon (Lair:1)
  A naga ritualist (Snake:3)
  An ugly thing (D:11)
  4 mana vipers
  2 cyclopes (D:11)
  A guardian serpent (Snake:3)
  2 salamanders (Snake:2)
  4 centaur zombies (D:11)
  8 black mambas
  2 elephants (Lair:1)
  A naga mage (Snake:2)
  2 cane toads
  Maggie (D:8)
  4 komodo dragons
  2 blink frogs (Lair:1)
  10 yaks
  Grum (D:8)
  A wraith (D:11)
  A basilisk (Lair:2)
  9 nagas
  A water moccasin (Lair:3)
  An orc warrior (D:10)
  3 wolves
  3 bullfrogs
  A killer bee (D:8)
  2 electric eels (D:11)
  A howler monkey (D:11)
  A hound (D:11)
  5 gnolls
  An orc (D:7)
  3 kobolds
89 creatures vanquished.

Vanquished Creatures (others)
  5 anaconda zombies
  An ugly thing zombie (D:11)
  A shock serpent zombie (Snake:2)
  A mana viper zombie (Snake:3)
  A guardian serpent zombie (Snake:2)
  15 black mamba zombies
  2 tengu zombies (D:11)
  A two-headed ogre zombie (D:11)
  2 cane toad zombies
  An elf zombie (D:11)
  A manticore zombie (D:11)
  2 cyclops zombies (D:11)
  A water moccasin zombie (Lair:3)
  3 troll zombies (D:11)
  4 yak zombies (D:11)
  4 wolf zombies
  2 centaur zombies
  A bullfrog zombie (D:7)
  A hound (D:11)
  5 killer bee zombies
  A sky beast zombie (D:7)
  14 naga zombies
  A hound zombie (D:11)
  2 howler monkey zombies (D:11)
  A spectral white imp (D:7)
  7 gnoll zombies
  2 goblin zombies (D:10)
  7 kobold zombies
  5 orc zombies
  27 fungi
  37 plants
  13 withered plants (D:11)
171 creatures vanquished.

Grand Total: 653 creatures vanquished

Notes
Turn   | Place    | Note
-------+----------+-------------------------------------------
     0 | D:1      | alfthe the Hill Orc Fighter began the quest for the Orb.
     0 | D:1      | Reached XP level 1. HP: 19/19 MP: 1/1
    46 | D:1      | Reached XP level 2. HP: 27/27 MP: 2/2
   202 | D:1      | Found a faded altar of an unknown god.
   365 | D:1      | Reached skill level 3 in Axes
   699 | D:2      | Reached XP level 3. HP: 33/33 MP: 3/3
  1733 | D:3      | Reached XP level 4. HP: 40/40 MP: 4/4
  1748 | D:3      | Reached skill level 4 in Axes
  2153 | D:3      | Found an ornate altar of the Wu Jian Council.
  2656 | D:4      | Reached XP level 5. HP: 34/47 MP: 5/5
  2848 | D:4      | Noticed an ogre
  2859 | D:4      | Killed an ogre
  2860 | D:4      | Reached skill level 5 in Axes
  2992 | D:4      | Reached skill level 5 in Fighting
  2992 | D:4      | Reached skill level 1 in Dodging
  2992 | D:4      | Reached XP level 6. HP: 56/56 MP: 6/6
  3005 | D:4      | Found a staircase to the Ecumenical Temple.
  3017 | Temple   | Entered the Ecumenical Temple
  3429 | D:4      | Reached skill level 6 in Axes
  3502 | D:4      | Reached skill level 1 in Stealth
  3502 | D:4      | Reached XP level 7. HP: 50/61 MP: 7/7
  3924 | D:5      | Entered Level 5 of the Dungeon
  3976 | D:5      | Reached skill level 7 in Axes
  3984 | D:5      | Reached skill level 5 in Armour
  4217 | D:5      | Reached XP level 8. HP: 46/69 MP: 8/8
  4447 | D:5      | Reached skill level 8 in Axes
  4663 | D:5      | Identified the +12 chain mail of the Chewing Gods {Rampage
                  | rF- rN+++}
  5061 | D:6      | Reached skill level 5 in Shields
  5078 | D:6      | Found a transporter.
  5081 | D:6      | Noticed Rueben's ghost (novice MiGl)
  5087 | D:6      | Found a transporter.
  5874 | D:7      | Found a basalt altar of Yredelemnul.
  5879 | D:7      | Became a worshipper of Yredelemnul the Dark
  5964 | D:7      | Reached skill level 9 in Axes
  5969 | D:7      | Reached * piety under Yredelemnul
  5970 | D:7      | Reached XP level 9. HP: 75/75 MP: 9/9
  6067 | D:7      | Found a shadowy altar of Dithmenos.
  6080 | D:7      | Reached ** piety under Yredelemnul
  6308 | D:7      | Reached skill level 10 in Axes
  6314 | D:7      | Identified the +1 pair of boots of Joeraicw {*Slow rPois
                  | Slay+5 Stlth+}
  6384 | D:7      | Reached *** piety under Yredelemnul
  6499 | D:7      | Noticed Joseph
  6519 | D:7      | Killed Joseph
  6680 | D:7      | Noticed Pikel
  6687 | D:7      | Killed Pikel
  6688 | D:7      | Reached skill level 11 in Axes
  6741 | D:8      | Identified the amulet of Paur {RegenMP Dex+4}
  6776 | D:8      | Found Kovayck's Distillery.
  6788 | D:8      | Noticed Grum
  6801 | D:8      | Killed Grum
  6802 | D:8      | Reached XP level 10. HP: 63/86 MP: 10/10
  6897 | D:8      | Noticed a two-headed ogre
  6908 | D:8      | Killed a two-headed ogre
  6909 | D:8      | Reached skill level 12 in Axes
  7264 | D:8      | Found a runed translucent door.
  7269 | D:8      | Noticed Reshi88's ghost (novice SpHu)
  7286 | D:8      | Killed Reshi88's ghost
  7287 | D:8      | Reached skill level 13 in Axes
  7287 | D:8      | Reached skill level 1 in Invocations
  7396 | D:8      | Noticed Maggie
  7403 | D:8      | Killed Maggie
  7521 | D:8      | Found a blossoming altar of Fedhas.
  7747 | D:9      | Reached XP level 11. HP: 41/95 MP: 12/12
  7938 | D:9      | Learned a level 1 spell: Sandblast
  7997 | D:9      | Noticed a two-headed ogre
  8007 | D:9      | Killed a two-headed ogre
  8008 | D:9      | Reached **** piety under Yredelemnul
  8008 | D:9      | Reached skill level 14 in Axes
  8494 | D:10     | Entered Level 10 of the Dungeon
  8538 | D:10     | Noticed a manticore
  8551 | D:10     | Killed a manticore
  8830 | D:10     | Found a flagged portal.
  8858 | Bailey   | Entered a bailey
  8990 | Bailey   | Found a bloodstained altar of Trog.
  8999 | Bailey   | Identified the ring "Oxzenian" {rC- Will+ Str+3 SInv}
  9398 | D:11     | Noticed Snorg
  9404 | D:11     | Killed Snorg
  9494 | D:11     | Noticed a two-headed ogre
  9509 | D:11     | Killed a two-headed ogre
  9510 | D:11     | Reached skill level 15 in Axes
  9551 | D:11     | Reached skill level 10 in Shields
  9551 | D:11     | Reached XP level 12. HP: 105/105 MP: 14/14
  9574 | D:11     | Reached skill level 1 in Evocations
  9801 | D:11     | Reached skill level 10 in Armour
  9814 | D:11     | Found a staircase to the Lair.
  9935 | D:11     | Found a staircase to the Orcish Mines.
 10356 | D:11     | Found a runed translucent door.
 10356 | D:11     | Noticed a two-headed ogre
 10357 | D:11     | Found a runed translucent door.
 10358 | D:11     | Found a runed translucent door.
 10358 | D:11     | Noticed a boulder beetle
 10367 | D:11     | Reached skill level 10 in Fighting
 10374 | D:11     | Reached skill level 16 in Axes
 10568 | D:11     | Killed a two-headed ogre
 10592 | D:11     | Noticed a tengu warrior
 10616 | D:11     | Killed a tengu warrior
 10631 | D:11     | Noticed a six-headed hydra
 10638 | D:11     | HP: 4/107 [12-headed hydra (3)]
 10757 | D:11     | Killed a 14-headed hydra
 10834 | D:11     | Reached XP level 13. HP: 51/114 MP: 15/15
 11027 | D:11     | Identified the ring "Qeuluek" {Fire rPois Stlth+}
 11056 | D:11     | Identified the staff of death "Giz Qeob" {rPois rF- rN+
                  | rCorr}
 11063 | D:11     | Identified the staff of conjuration "Heuma" {Int+2}
 11259 | Lair:1   | Entered Level 1 of the Lair of Beasts
 11435 | Lair:1   | Noticed Amaemon
 11446 | Lair:1   | Killed Amaemon
 11534 | Lair:1   | Reached ***** piety under Yredelemnul
 11538 | Lair:1   | Reached ****** piety under Yredelemnul
 12237 | Lair:1   | Identified the +0 leather armour of Generosity {rF+ Regen+
                  | Str-4 Dex+2}
 12238 | Lair:1   | Reached skill level 17 in Axes
 12238 | Lair:1   | Reached skill level 5 in Dodging
 12238 | Lair:1   | Reached XP level 14. HP: 126/126 MP: 15/17
 12573 | Lair:2   | Noticed Nergalle
 12580 | Lair:2   | Killed Nergalle
 13795 | Lair:3   | Found a staircase to the Snake Pit.
 13842 | Lair:3   | Reached XP level 15. HP: 99/134 MP: 18/18
 13842 | Lair:3   | Found a staircase to the Shoals.
 14476 | Snake:1  | Entered Level 1 of the Snake Pit
 15450 | Snake:2  | Identified the +0 hat of the Blind Marksman {Will+ Regen+
                  | Int+4}
 16047 | Snake:2  | Reached skill level 18 in Axes
 16864 | Snake:3  | Reached skill level 15 in Shields
 16889 | Snake:3  | Reached XP level 16. HP: 77/145 MP: 19/19
 17654 | Snake:3  | Noticed Vashnia
 17700 | Snake:3  | Shot with an arrow by a naga sharpshooter

Illustrated notes

Levels and vault maps discovered:
D:1:      saegor_arrival_miasma, layout_basic,
          shapermc_ecumenical_altar_totnotflames
D:2:      layout_loops_corners, eino_tiny_chamber, serial_bayou_ford_a,
          minmay_misc_feat_chi
D:3:      layout_basic, mainiacjoe_overflow_six_doors_small,
          minmay_fountain_box, minmay_pentomino_pile
D:4:      layout_loops_ring, temple_green, minmay_misc_feat_nine_boxes
D:5:      layout_basic
D:6:      layout_loops_cross, gammafunk_ghost_arena
D:7:      layout_basic, kennysheep_little_box,
          nicolae_dithmenos_through_a_glass_darkly, uniq_joseph, uniq_pikel
D:8:      layout_loops_cross, mainiacjoe_overflow_catwalk,
          ebering_ghost_reflecting_pool, serial_shops, shop, uniq_grum,
          uniq_maggie
D:9:      layout_basic, nicolae_titane
D:10:     layout_roguey, enter_bailey_5
D:11:     minmay_the_grid_triangle_9x9_rhombus_thin
          [minmay_the_grid_triangle_9x9_fully_insulated_deathbox,
          minmay_the_grid_triangle_9x9_prize_center,
          minmay_the_grid_triangle_9x9_from_above,
          minmay_the_grid_triangle_9x9_skeleton], layout_loops_ring,
          erik_lair_island, serial_undead, serial_undead_e, serial_undead_c,
          serial_undead_b, serial_undead_f, serial_undead_b, serial_undead_f,
          grunt_decor_arrowhead, uniq_snorg
Temple:   eino_narrow_crystal_temple
Lair:1:   layout_small_grid, uniq_amaemon
Lair:2:   layout_layer_cave, uniq_nergalle
Lair:3:   dreamdust_cave_troll, layout_cave_shapes, shoals_dummy_entry,
          minmay_snake_entry_six_corridors, kennysheep_catoblepas_arena,
          infiniplex_staircase_pool_2, lemuel_fruit_tree
Snake:1:  layout_basic, nicolae_snake_slithery_hallway
Snake:2:  layout_onion, nicolae_snake_gridmaze_entwining
Snake:3:  layout_layer_cave, uniq_vashnia

Skill      XL: |  1  2  3  4  5  6  7  8  9 10 11 12 13 14 15 16 |
---------------+-------------------------------------------------+-----
Fighting       | 4 5 7 8 9 10 12 13 14 | 14.2
Axes           | 3 4 5 6 7 9 11 13 15 16 17 18 | 18.6
Armour         | 4 5 6 7 8 9 10 11 12 13 | 13.8
Dodging        | 1 2 3 5 6 |  6.2
Stealth        | 1 2 4 |  4.4
Shields        | 4 5 6 7 10 11 12 13 15 | 15.5
Invocations    | 2 3 |  3.3
Evocations     | 1 2 |  2.3
Spellcasting   | 2 |  2.4
Throwing       | |  0.1

Action                     |  1- 3 |  4- 6 |  7- 9 | 10-12 | 13-15 | 16-18 || total
---------------------------+-------+-------+-------+-------+-------+-------++-------
  Melee: War axe           |   107 |    77 |   156 |   273 |   307 |    46 ||   966
  Throw: Dart              |       |       |     1 |     1 |       |       ||     2
 Invoke: Recall Undead Har |       |       |       |     9 |     2 |       ||    11
         Dark Bargain      |       |       |       |     1 |       |       ||     1
  Evoke: Wand              |       |     1 |     2 |     7 |     1 |     5 ||    16
         Lightning rod     |       |       |       |       |     4 |     1 ||     5
    Use: Scroll            |     8 |     4 |     6 |     4 |     4 |     5 ||    31
         Potion            |     2 |     2 |     4 |     7 |     9 |     3 ||    27
   Stab: Paralysed         |       |     3 |       |     2 |       |       ||     5
         Distracted        |       |       |       |     2 |     2 |     1 ||     5
 Armour: Scale mail        |    73 |    46 |    26 |       |       |       ||   145
         Chain mail        |       |       |    71 |   315 |   277 |    47 ||   710
  Dodge: Dodged            |    64 |    51 |    86 |   202 |   169 |    48 ||   620
  Block: Buckler           |    40 |    23 |    70 |    12 |       |       ||   145
         Kite shield       |       |       |       |   282 |   297 |    68 ||   647

Table legend: (Time is in decaauts)
 A = Elapsed time spent in this place.
 B = Non-inter-level travel time spent in this place.
 C = Inter-level travel time spent in this place.
 D = Time resting spent in this place.
 E = Time spent auto-exploring this place.
 F = Levels seen in this place.
 G = Mean time per level.
                   A        B        C        D        E       F      G
               +--------+--------+--------+--------+--------+-----+--------+
         Total |  18093 |  17455 |    638 |      0 |  10437 |  19 |  952.3 |
       Dungeon |  11071 |  10582 |    489 |      0 |   6188 |  11 | 1006.5 |
        Temple |    309 |    179 |    130 |      0 |    164 |   1 |  309.0 |
          Lair |   3259 |   3242 |     17 |      0 |   1986 |   3 | 1086.3 |
     Snake Pit |   3254 |   3252 |      2 |      0 |   2055 |   3 | 1084.7 |
        Bailey |    198 |    198 |      0 |      0 |     44 |   1 |  198.0 |
               +--------+--------+--------+--------+--------+-----+--------+

Top non-repeatable levels by time:
    D:11: 1900 daAuts
 Snake:2: 1396 daAuts
  Lair:1: 1337 daAuts
  Lair:2: 1196 daAuts
     D:5: 1171 daAuts
     D:3: 1097 daAuts
     D:4: 1072 daAuts
     D:7: 1017 daAuts
     D:8: 1001 daAuts
 Snake:1: 977 daAuts
     D:2: 922 daAuts
 Snake:3: 880 daAuts
     D:9: 826 daAuts
  Lair:3: 725 daAuts
     D:6: 711 daAuts
